AoeStats
← borsuk.borowka

Arabia

504747943Analyzed
1v1 RM · 25d ago on Sep 6, 2026· 27m 47s· 2 players
Game mode
Random Map
Map size
Tiny (2 player)
Population
200
Speed
Normal
Resources
Standard
Victory
Conquest
Starting age
Dark Age
Ending age
Imperial Age
RankedLock teamsTeams togetherTeam positionsShared explorationLock speedFull tech treeHidden civsTurbo modeCheats
Victory
Defeat
🇺🇸 Shu · United States
650
+25
🇵🇱 Khmer · Poland
706
-44
borsuk.borowka
12:26 Feudal Age
It’sYaBoiDuncan
3:24 Loom
12:23 Feudal Age
14:05 Gold Mining
14:20 Horse Collar
15:03 Fletching
15:36 Double-Bit Axe
16:51 Padded Archer Armor
25:01 Castle Age
25:05 Crossbowman
26:01 Bodkin Arrow
26:23 Leather Archer Armor
Connection lost

Rejoining the realm…

Still unreachable

The connection could not be restored.

Session expired

The server has moved on; the page needs a fresh start.